 Dungeon Crawl Stone Soup version 0.22.0-60-ga52c2fc (webtiles) character file.

217 Onaxys the Sneak (level 6, 0/39 HPs)
             Began as a Halfling Assassin on Sept 11, 2018.
             Slain by a worker ant (2 damage)
             ... on level 4 of the Dungeon.
             The game lasted 00:20:39 (3619 turns).

Onaxys the Sneak (Halfling Assassin)                Turns: 3619, Time: 00:20:39

Health: 0/39       AC:  4    Str: 12    XL:     6   Next: 16%
Magic:  6/6        EV: 15    Int:  9    God:
Gold:   146        SH:  0    Dex: 18    Spells: 5/5 levels left

rFire    . . .     SeeInvis .   a - +2 dagger
rCold    . . .     Gourm    .   (shield restricted)
rNeg     . . .     Faith    .   l - +0 robe
rPois    .         Spirit   .   (no helmet)
rElec    .         Reflect  .   d - +0 cloak
rCorr    +         Harm     .   (no gloves)
MR       .....                  g - +0 pair of boots
Stlth    +++.......             (no amulet)
HPRegen  0.13/turn              q - ring of resist corrosion
MPRegen  0.10/turn              (no ring)

@: lethally poisoned (0 -> -3), hasted, very quick
A: small, mutation resistance 1
a: no special abilities


You were on level 4 of the Dungeon.
You were not hungry.

You visited 1 branch of the dungeon, and saw 4 of its levels.

You collected 146 gold pieces.

Inventory:

Hand Weapons
 a - a +2 dagger (weapon)
 b - a +0 blowgun
 o - a +0 short sword
 t - a +0 rapier
 x - a +0 blowgun
Missiles
 e - 24 poisoned needles
 f - 2 curare-tipped needles
 h - 204 stones (quivered)
 k - 73 arrows
 p - 41 bolts
Armour
 d - a +0 cloak (worn)
 g - a +0 pair of boots (worn)
 i - a +0 ring mail
 l - a +0 robe (worn)
 v - a +0 shield
 z - a +0 scale mail
Jewellery
 m - a cursed ring of attention {unknown}
 q - a ring of resist corrosion (left hand)
 r - a cursed ring of teleportation {unknown}
Scrolls
 s - 2 scrolls of remove curse
 w - a scroll of teleportation {unknown}
 y - a scroll of fear {unknown}
 A - a scroll of random uselessness {unknown}
 C - 2 scrolls of fog
 E - 2 scrolls of identify
Potions
 c - a potion of curing {unknown}
 j - 2 potions of brilliance
 u - a potion of heal wounds {unknown}
 B - a potion of haste
Comestibles
 n - 2 rations
 D - a chunk of flesh


   Skills:
 + Level 2.2 Fighting
 + Level 4.7 Short Blades
 + Level 2.0 Throwing
 + Level 2.6 Dodging
 + Level 6.0 Stealth


You had 5 spell levels left.
You didn't know any spells.
Your spell library was empty.

Dungeon Overview and Level Annotations

Branches:
Dungeon (4/15)
 Temple: D:4-7

Altars:
Yredelemnul


Innate Abilities, Weirdness & Mutations

You are small and have problems with some larger weapons.
You are somewhat resistant to further mutation.


Message History

The worker ant is heavily wounded.
You feel sick. The worker ant misses you.
You hit the worker ant.
The worker ant is severely wounded.
The worker ant barely misses you.
You hit the worker ant.
The worker ant is severely wounded.
You feel sick. The worker ant barely misses you.
You barely miss the worker ant.
The worker ant is severely wounded.
The worker ant bites you.
* * * LOW HITPOINT WARNING * * *
You hit the worker ant but do no damage.
The worker ant is severely wounded.
You feel sick. The worker ant bites you!
* * * LOW HITPOINT WARNING * * *
* * * LOW HITPOINT WARNING * * *
You feel sick. The worker ant closely misses you.
It was a potion of haste.
You feel yourself speed up. The worker ant bites you.
You die...

# #. #######)#
#.# #.......#
#.# #........
#.#####<.###..
#.............#
#..............
#.....#..###.##
#..@a....# #
#.....##.#
#.....# %#
###.### .# #.#
.# #.# #.. #.#
#.#


You could see a worker ant.

Vanquished Creatures
  A hound (D:4)
  Jessica (D:2)
  Terence (D:2)
  5 adders
  2 gnolls (D:3)
  A worm (D:3)
  2 dart slugs
  2 leopard geckos
  An orc (D:3)
  3 giant cockroaches
  4 goblins
  5 hobgoblins
  7 jackals (D:1)
  4 quokkas (D:3)
  7 bats
  6 frilled lizards
  6 kobolds
  5 rats
  A spectral orc (D:3)
  5 plants (D:3)
69 creatures vanquished.

Notes
Turn   | Place    | Note
-------+----------+-------------------------------------------
     0 | D:1      | Onaxys the Halfling Assassin began the quest for the Orb.
     0 | D:1      | Reached XP level 1. HP: 14/14 MP: 1/1
   108 | D:1      | Reached XP level 2. HP: 6/19 MP: 2/2
   630 | D:1      | Reached skill level 5 in Stealth
   774 | D:1      | Reached XP level 3. HP: 24/24 MP: 3/3
  1296 | D:2      | Noticed Jessica
  1303 | D:2      | Killed Jessica
  1303 | D:2      | Reached XP level 4. HP: 29/29 MP: 4/4
  1423 | D:2      | Noticed Terence
  1430 | D:2      | Killed Terence
  1606 | D:2      | Reached XP level 5. HP: 28/34 MP: 5/5
  2894 | D:3      | Reached skill level 6 in Stealth
  3049 | D:3      | Found a basalt altar of Yredelemnul.
  3545 | D:4      | Reached XP level 6. HP: 23/39 MP: 6/6
  3618 | D:4      | HP: 1/39 [poisoned by a worker ant]
  3619 | D:4      | Slain by a worker ant

Skill      XL: |  1  2  3  4  5 |
---------------+----------------+-----
Stealth        | 5 6 |  6.0
Short Blades   | 3 4 |  4.7
Fighting       | 2 |  2.2
Dodging        | 2 |  2.6
Throwing       | |  2.0

Action                   |  1- 3 |  4- 6 || total
-------------------------+-------+-------++-------
Melee: Dagger            |   118 |   559 ||   677
  Use: Scroll            |     4 |     1 ||     5
       Potion            |     1 |     1 ||     2
 Stab: Sleeping          |     8 |    10 ||    18
  Eat: Ration            |     1 |     1 ||     2
       Chunk             |       |     3 ||     3
Armor: Robe              |    42 |    30 ||    72
       Scale mail        |       |     1 ||     1
Dodge: Dodged            |   115 |    88 ||   203
Block: Shield            |       |     3 ||     3
